 Dungeon Crawl Stone Soup version 0.18-a0-1300-g6e8322c (webtiles) character file.

130 dvd the Sneak (level 4, 0/21 HPs)
             Began as a Spriggan Enchanter on Feb 11, 2016.
             Was an Initiate of Dithmenos.
             Killed by divine providence
             ... invoked by an orc priest
              (13 damage)
             ... on level 3 of the Dungeon.
             The game lasted 00:11:09 (3290 turns).

dvd the Sneak (Spriggan Enchanter)                  Turns: 3290, Time: 00:11:10

Health: 0/21       AC:  3    Str:  4    XL:     4   Next: 90%
Magic:  2/11       EV: 18    Int: 17    God:    Dithmenos [......]
Gold:   168        SH:  0    Dex: 16    Spells: 4 memorised, 2 levels left

rFire  . . .     SeeInvis +     a - +1 dagger
rCold  . . .     Gourm    .     b - +1 robe
rNeg   . . .     Faith    .     (shield restricted)
rPois  .         Spirit   .     (helmet restricted)
rElec  .         Dismiss  .     (no cloak)
rCorr  .         Reflect  .     (gloves unavailable)
SustAt .         Harm     .     (boots unavailable)
MR     .....                    (no amulet)
Stlth  ++++......               (no ring)
                                (no ring)

@: very slightly contaminated, very quick, not resistant to hostile
enchantments, stealthy
A: unfitting armour, see invisible, herbivore 3, speed 3, slow metabolism 2
a: Renounce Religion


You were on level 3 of the Dungeon.
You worshipped Dithmenos.
Dithmenos was noncommittal.
You were full.

You visited 1 branch of the dungeon, and saw 3 of its levels.

You collected 168 gold pieces.

Inventory:

Hand Weapons
 a - a +1 dagger (weapon)
Armour
 b - a +1 robe (worn)
Scrolls
 e - a scroll of teleportation {unknown}
 f - 2 scrolls of enchant weapon {unknown}
 j - a scroll of blinking {unknown}
 k - a scroll of fear {unknown}
 l - a scroll of noise {unknown}
 m - a scroll of remove curse {unknown}
 p - a scroll of identify {unknown}
Potions
 g - a potion of curing
 h - a potion of brilliance {unknown}
 i - a potion of ambrosia {unknown}
 o - a potion of lignification {unknown}
 q - a potion of invisibility {unknown}
Books
 c - a book of Maledictions

   Spells                             Type                      Level
   a - Corona                         Hexes                        1
   b - Ensorcelled Hibernation        Hexes/Ice                    2
   c - Confuse                        Hexes                        3
   d - Tukima's Dance                 Hexes                        3
   e - Dazzling Spray                 Conjuration/Hexes            3
Comestibles
 d - 2 bread rations
 n - a royal jelly


   Skills:
 + Level 0.1 Fighting
 + Level 1.2 Short Blades
 + Level 3.5 Dodging
 + Level 6.2 Stealth
 + Level 4.0 Spellcasting
 + Level 4.4 Hexes
 + Level 0.5 Ice Magic


You had 2 spell levels left.
You knew the following spells:

 Your Spells              Type           Power        Failure   Level  Hunger
a - Corona                Hex            ###....      2%          1    None
b - Ensorcelled Hibernat  Hex/Ice        ##....       10%         2    ##.....
c - Confuse               Hex            ###.....     10%         3    ###....
d - Tukima's Dance        Hex            ###.....     10%         3    ###....


Dungeon Overview and Level Annotations

Branches:
Dungeon (3/15)

Altars:
Dithmenos
Gozag


Innate Abilities, Weirdness & Mutations

You are tiny and cannot use many weapons and most armour.
You have supernaturally acute eyesight.
You are a herbivore.
You cover ground extremely quickly.
You need consume almost no food.


Message History

Your dagger hits the orc wizard.
Unknown command.
Drink which item? (? for menu, Esc to quit)
It was a potion of curing.
You feel better.
The orc wizard gestures wildly while chanting.
The orc wizard flickers and vanishes for a moment.
Your dagger hits the orc wizard.
Casting: Ensorcelled Hibernation
Confirm with . or Enter, or press ? or * to list all spells.
Okay, then.
The orc priest shouts!
Press: ? - help, v - describe, . - travel, g - get item
Here: an orc priest, wearing a leather armour (lightly wounded)
A bat corpse.
The floor, spattered with blood.
Unknown command.
The orc priest mumbles some strange prayers to Beogh against you.
Something smites you!
Ouch! That really hurt!
You die...

#........#########.#.#....
.....#............#..<###
.....#...........####.#
#..#...........# ###
#.....########## # #.#..o##
# ####o#....# # #
#..)o#...#########.# #
######.####...@.o.......# #
#.......r........(...## ##
# #.....r#.##......)....#
..# #
#...........[..###....###.#
#
#.....##..#)÷....[........#
#
#.....'..).[[....o<÷####..#
# #.....##........###.#
##..## #
#.....##........###.#
#....####
########..##.#...####
#...[.)..


You could see an orc priest, an orc wizard (invisible), a quokka (wandering) and
a friendly dagger.

Vanquished Creatures
  2 adders
  5 giant geckos
  7 orcs (D:3)
  11 goblins
  7 hobgoblins
  4 jackals (D:1)
  8 kobolds
  3 ball pythons
  9 bats
  3 giant newts
  2 rats
61 creatures vanquished.

Vanquished Creatures (collateral kills)
  An orc wizard (D:3)
  6 orcs (D:3)
7 creatures vanquished.

Vanquished Creatures (others)
  3 dancing weapons (D:3)
  An orc wizard (D:3)
4 creatures vanquished.

Grand Total: 72 creatures vanquished

Notes
Turn   | Place    | Note
--------------------------------------------------------------
     0 | D:1      | dvd the Spriggan Enchanter began the quest for the Orb.
     0 | D:1      | Reached XP level 1. HP: 9/9 MP: 5/5
   275 | D:1      | Reached XP level 2. HP: 10/13 MP: 1/7
   300 | D:1      | Learned a level 2 spell: Ensorcelled Hibernation
   472 | D:1      | Reached skill level 5 in Stealth
  1119 | D:2      | Reached XP level 3. HP: 13/16 MP: 1/8
  1674 | D:2      | Learned a level 3 spell: Confuse
  1722 | D:2      | Found a faded altar to an unknown god.
  1797 | D:2      | Found a shadowy altar of Dithmenos.
  1798 | D:2      | Found an opulent altar of Gozag.
  1808 | D:2      | Became a worshipper of Dithmenos the Shadowed
  2509 | D:3      | Reached XP level 4. HP: 19/21 MP: 2/10
  2773 | D:2      | Learned a level 3 spell: Tukima's Dance
  2798 | D:3      | Reached skill level 6 in Stealth
  3290 | D:3      | Killed from afar by an orc priest

Vault maps used:
D:1:      minmay_arrival_widening_spiral_wide, roderic_lattice_a,
          serial_bayou_pond_d
D:2:      gammafunk_temple_overflow_statue, ecumenical_altar_2
D:3:      gammafunk_temple_overflow_elements

Action                   |  1- 3 |  4- 6 || total
-------------------------+-------+-------++-------
Melee: Dagger            |    84 |    37 ||   121
 Cast: Corona            |    13 |       ||    13
       Ensorcelled Hiber |    32 |    16 ||    48
       Tukima's Dance    |       |    10 ||    10
       Confuse           |       |     2 ||     2
  Use: Potion            |       |     1 ||     1
 Stab: Sleeping          |    36 |    10 ||    46
  Eat: Pizza             |     1 |       ||     1
       Bread ration      |       |     1 ||     1
